 Dungeon Crawl Stone Soup version 0.24.0-125-gc4c63601f3 (webtiles) character file.

Game seed: 16037728005694436739, levelgen mode: deterministic

382966 Tartanist the Severer (level 24, -6/195 HPs)
             Began as a Formicid Abyssal Knight on Feb 22, 2020.
             Was the Champion of Lugonu.
             Killed from afar by Xisif the Cloud Mage (16 damage)
             ... with a tornado
             ... in a wizard's laboratory on Feb 23, 2020.
             The game lasted 06:20:17 (65194 turns).

Tartanist the Severer (Formicid Abyssal Knight)    Turns: 65194, Time: 06:20:17

Health: -6/195     AC: 24    Str: 24    XL:     24   Next: 1%
Magic:  33/34      EV: 13    Int: 14    God:    Lugonu [******]
Gold:   1641       SH: 22    Dex: 13    Spells: 23/23 levels left

rFire    + + .     SeeInvis +   a - +3 battleaxe (chop)
rCold    + . .     Gourm    .   p - +2 large shield
rNeg     . . .     Faith    .   Y - +3 plate armour {rPois}
rPois    +         Spirit   .   (helmet unavailable)
rElec    .         Reflect  .   Z - scarf {cloud immunity}
rCorr    .         Harm     .   m - +2 pair of gloves
MR       +++..                  g - +0 pair of boots "Meyrada" {rF+}
Stlth    ..........             o - amulet of regeneration
HPRegen  0.82/turn              D - ring "Seegolyvi" {rF+ rC+ SInv}
MPRegen  0.24/turn              T - ring of protection from magic

@: flying (expiring), lightly drained
A: permanent stasis, dig shafts and tunnels, four strong arms, antennae 3
}: 2/15 runes: serpentine, barnacled
a: Dig, Shaft Self, Depart the Abyss, Bend Space, Banish, Corrupt, Enter the
Abyss, Brand Weapon With Distortion, Renounce Religion


You were in a wizard's laboratory.
You worshipped Lugonu.
Lugonu was exalted by your worship.
You were not hungry.

You visited 9 branches of the dungeon, and saw 40 of its levels.
You visited the Abyss 2 times.
You also visited: Sewer, Bailey, Volcano and Wizlab.

You collected 4769 gold pieces.
You spent 3128 gold pieces at shops.

Inventory:

Hand Weapons
 a - a +3 battleaxe of chopping (weapon)
 b - a +0 battleaxe of electrocution
 k - the +7 battleaxe "Suec" {holy, rF+ MR- Str+6}
   (You bought it in a shop on level 2 of the Orcish Mines)

   It has been blessed by the Shining One to cause great damage to the undead
   and demons.
   It affects your strength (+6).
   It protects you from fire.
   It affects your resistance to hostile enchantments.
 B - a +1 antimagic war axe
Missiles
 l - 104 poisoned darts
 F - a throwing net (quivered)
Armour
 g - the +0 pair of boots "Meyrada" (worn) {rF+}
   (You bought it in a shop on level 2 of the Orcish Mines)

   It protects you from fire.
 m - a +2 pair of gloves (worn)
 p - a +2 large shield (worn)
 r - the +4 ring mail of Agnosticism {rElec rPois Dex+4}
   (You bought it in a shop on level 2 of the Orcish Mines)

   It affects your dexterity (+4).
   It insulates you from electricity.
   It protects you from poison.
 W - a +2 cloak
 Y - a +3 plate armour of poison resistance (worn)
 Z - a scarf of cloud immunity (worn)
Jewellery
 i - an uncursed ring of positive energy
 o - an amulet of regeneration (around neck)
 v - an uncursed ring of flight
 z - an uncursed ring of resist corrosion
 D - the ring "Seegolyvi" (left hand) {rF+ rC+ SInv}
   (You found it on level 6 of the Lair of Beasts)

   [ring of see invisible]

   It protects you from fire.
   It protects you from cold.
   It lets you see invisible.
 T - a ring of protection from magic (right hand)
Wands
 J - a wand of paralysis (14)
 N - a wand of iceblast (7)
 O - a wand of flame (46)
 X - a wand of acid (2)
Scrolls
 d - 4 scrolls of fog
 h - 9 scrolls of identify
 n - 16 scrolls of remove curse
 E - 9 scrolls of immolation
 I - 2 scrolls of fear
 K - a scroll of vulnerability
 L - 7 scrolls of magic mapping
Potions
 e - 12 potions of lignification
 f - a potion of mutation
 j - 7 potions of ambrosia
 s - a potion of cancellation
 t - 3 potions of curing
 u - a potion of agility
 w - 4 potions of might
 G - 9 potions of flight
 Q - 2 potions of magic
 R - 6 potions of resistance
 U - 3 potions of invisibility
Miscellaneous
 y - a lightning rod (4/4)
 M - a phial of floods
 S - a box of beasts
Comestibles
 c - 46 rations
 q - a chunk of flesh


   Skills:
 + Level 17.1(16.6) Fighting
 - Level 20.0(19.4) Axes
 - Level 10.0(9.5) Throwing
 - Level 15.0(14.6) Armour
 - Level 12.0(11.6) Dodging
 - Level 11.1(10.7) Stealth
 - Level 15.0(14.5) Shields
 - Level 15.0(14.5) Invocations
 - Level 10.0(9.6) Evocations


You had 23 spell levels left.
You didn't know any spells.
Your spell library contained the following spells:

 Spells                   Type           Power        Failure   Level  Hunger
 Animate Skeleton         Necr           N/A          95%         1    ##.....
 Apportation              Tloc           #.....       95%         1    ##.....
 Beastly Appendage        Tmut           #.....       95%         1    ##.....
 Confusing Touch          Hex            #.....       95%         1    ##.....
 Magic Dart               Conj           #...         95%         1    ##.....
 Sandblast                Erth           #.....       95%         1    ##.....
 Summon Butterflies       Summ           #.......     95%         1    ##.....
 Summon Small Mammal      Summ           #...         95%         1    ##.....
 Passwall                 Tmut/Erth      #.......     98%         2    ###....
 Poisonous Vapours        Pois/Air       #.....       98%         2    ###....
 Searing Ray              Conj           #.....       98%         2    ###....
 Sticks to Snakes         Tmut           #.......     98%         2    ###....
 Call Canine Familiar     Summ           #.......     100%        3    ####...
 Confuse                  Hex            #.......     100%        3    ####...
 Conjure Flame            Conj/Fire      #.......     100%        3    ####...
 Dazzling Spray           Conj/Hex       #.....       100%        3    ####...
 Gell's Gravitas          Tloc           #.........   100%        3    ####...
 Mephitic Cloud           Conj/Pois/Air  #.......     100%        3    ####...
 Spider Form              Tmut/Pois      #.........   100%        3    ####...
 Stone Arrow              Conj/Erth      #.....       100%        3    ####...
 Cause Fear               Hex            #.........   100%        4    #####..
 Force Lance              Conj/Tloc      #.......     100%        4    #####..
 Fulminant Prism          Conj/Hex       #.........   100%        4    #####..
 Ice Form                 Ice/Tmut       #.......     100%        4    #####..
 Iskenderun's Mystic Bla  Conj           #.......     100%        4    #####..
 Leda's Liquefaction      Hex/Erth       #.........   100%        4    #####..
 Petrify                  Tmut/Erth      #.......     100%        4    #####..
 Summon Ice Beast         Ice/Summ       #.......     100%        4    #####..
 Blade Hands              Tmut           #.........   100%        5    ######.
 Bolt of Magma            Conj/Fire/Erth #.........   100%        5    ######.
 Irradiate                Conj/Tmut      #.........   100%        5    ######.
 Iskenderun's Battlesphe  Conj/Chrm      #.......     100%        5    ######.
 Lee's Rapid Deconstruct  Erth           #.........   100%        5    ######.
 Metabolic Englaciation   Hex/Ice        #.........   100%        5    ######.
 Silence                  Hex/Air        #.........   100%        5    ######.
 Summon Mana Viper        Hex/Summ       #.......     100%        5    ######.
 Venom Bolt               Conj/Pois      #.........   100%        5    ######.
 Yara's Violent Unravell  Hex/Tmut       #.........   100%        5    ######.
 Bolt of Cold             Conj/Ice       #.........   100%        6    #######
 Deflect Missiles         Chrm/Air       #.........   100%        6    #######
 Freezing Cloud           Conj/Ice/Air   #.........   100%        6    #######
 Hydra Form               Tmut           #.........   100%        6    #######
 Iron Shot                Conj/Erth      #.........   100%        6    #######
 Ozocubu's Refrigeration  Ice            #.........   100%        6    #######
 Simulacrum               Ice/Necr       #.........   100%        6    #######
 Statue Form              Tmut/Erth      #........    100%        6    #######
 Dragon Form              Tmut           #.........   100%        7    #######
 Orb of Destruction       Conj           #.........   100%        7    #######
 Ring of Flames           Chrm/Fire      #.........   100%        7    #######
 Spellforged Servitor     Conj/Summ      #.........   100%        7    #######
 Summon Hydra             Summ           #.........   100%        7    #######
 Discord                  Hex            #.........   100%        8    #######
 Shatter                  Erth           #.........   100%        9    #######


Dungeon Overview and Level Annotations

Branches:
Dungeon (15/15)            Temple (1/1) D:6            Lair (6/6) D:10
 Shoals (4/4) Lair:3        Snake (4/4) Lair:3        Slime (0/5) Lair:5
    Orc (2/2) D:9             Elf (0/3) Orc:2        Vaults (4/5) D:14
  Crypt (3/3) Vaults:3       Tomb (0/3) Crypt:3      Depths (1/5) D:15
  Sewer (visited)          Bailey (visited)         Volcano (visited)
 WizLab (1/1)

Altars:
Ashenzari
Cheibriados
Dithmenos
Elyvilon
Fedhas
Gozag
Hepliaklqana
Kikubaaqudgha
Makhleb
Nemelex Xobeh
Okawaru
Qazlal
Ru
Sif Muna
Trog
Uskayaw
Vehumet
Wu Jian
Xom
Yredelemnul
Zin
The Shining One
Beogh

Shops:
D:9 :   D:10 !   Orc:2 %=(*[   Shoals:1 }   Snake:3 ?   Snake:4 :   Vaults:1 (
Vaults:2 ?

Portals:
Hell: Depths:1
Trove: Vaults:4 (show slimy rune of Zot)

Annotations:
D:15 corrupted
Lair:2 exclusion: 2 oklob plants
Lair:6 2 transporters, Omiargherph's ghost, journeyman HOFi
Snake:2 corrupted


Innate Abilities, Weirdness & Mutations

You cannot be hasted, slowed, berserked, paralysed or teleported.
You can dig through walls and to a lower floor.
Your four strong arms can wield two-handed weapons with a shield.
You have a pair of large antennae on your head. (SInv)


Message History

You slash Xisif! You block the air elemental's attack.
Xisif waves their arms in wide circles.
The air twists around and violently strikes you in flight!!!
* * * LOW HITPOINT WARNING * * *
Press: ? - help, Shift-Dir - straight line, f - Xisif
Aim: Xisif the Cloud Mage, wielding a +0 dagger of electrocution and wearing the +3 robe of Clouds {+Thunder rCloud rElec} (moderately wounded, surrounded by raging winds, chance to defeat MR: 27%)
Okay, then.
You feel much better.
* * * LOW HITPOINT WARNING * * *
The spriggan air mage dies!
The air elemental hits you.
* * * LOW HITPOINT WARNING * * *
You block the air elemental's attack. The air elemental barely misses you.
Xisif closely misses you.
Okay, then.
Unknown command.
Space bends sharply around you!
The air elemental blinks!
You blink.
* * * LOW HITPOINT WARNING * * *
You feel better.
You die...

≈≈≈≈≈≈≈### #################≈≈≈≈
≈≈≈≈≈### #§§#§§#§§#§§#.§##≈≈≈≈
≈≈≈≈## §§§§§§§§§§§§§§§§#≈≈≈≈
≈≈≈≈# #§§§§§§§§§§§§§..§#≈≈≈≈
≈≈≈## #§§§§§§§§§§§§§.§§#≈≈≈≈ ≈≈≈#
+§§§§§§§§§§§§.§..'.... ≈≈≈##
#§.§§§§@§§§§§...§#§≈≈≈ ≈≈≈≈#
#§§§§§§§§§§§§§§.§#≈≈≈≈ ≈≈≈≈##
#§§§E@§§§§§§§§§§§#≈≈≈≈ ≈≈≈≈≈###
##§§#§§#§§#§§#§§##≈≈≈≈ ≈≈≈≈≈≈≈###
#################≈≈≈≈
..≈≈≈≈≈≈≈####################≈≈≈.
....≈≈≈≈≈≈≈≈≈≈≈≈≈≈≈≈≈≈≈≈≈≈≈≈≈≈...
###.............†..............##
≈≈###.......####################≈
≈≈##.§.§...##≈≈≈≈≈###≈≈≈≈≈≈≈≈§§≈≈
≈##§§§§§§.##≈≈≈≈≈##§##≈≈≈≈≈≈≈§≈≈≈


You could see Xisif the Cloud Mage and an air elemental.

Vanquished Creatures
  Mennas (Crypt:2)
  2 curse toes (Crypt:3)
  7 liches
  3 krakens
  A sphinx (Vaults:4)
  10 ancient champions
  Kirke (Snake:2)
  6 revenants
  A tengu reaver (Vaults:4)
  A deep elf sorcerer (D:14)
  6 nagarajas
  3 frost giants
  A fire giant (Vaults:4)
  Louise (Snake:2)
  3 vault wardens
  An orc warlord (Orc:2)
  4 curse skulls
  6 ghouls
  8 ironheart preservers
  An entropy weaver (Vaults:3)
  8 stone giants
  2 very ugly things (Depths:1)
  12 vampire knights
  2 deep elf demonologists
  A deep elf annihilator (Vaults:2)
  5 deep elf death magi
  A merfolk javelineer (Shoals:4)
  3 eidola
  4 ettins
  5 merfolk impalers
  2 blizzard demons (WizLab)
  A fire dragon (Vaults:1)
  4 jiangshi
  A quicksilver dragon zombie (Crypt:3)
  A vault guard (Vaults:4)
  5 yaktaur captains
  13 naga warriors
  2 great orbs of eyes
  4 spriggan air magi (WizLab)
  5 merfolk avatars
  2 ghost crabs (WizLab)
  2 rakshasas
  3 ice dragons
  7 anacondas
  4 centaur warriors
  3 death knights
  An alligator snapping turtle (Shoals:4)
  21 two-headed ogres
  4 merfolk aquamancers
  2 dancing weapons (D:13)
  8 ogre magi
  A satyr (Shoals:3)
  2 tengu warriors
  7 vampire magi
  4 deep troll earth magi
  3 deep troll shamans
  7 shock serpents
  6 orc high priests
  Urug (D:12)
  17 naga sharpshooters
  2 soul eaters
  5 deep elf knights
  A hell knight (Volcano)
  11 skeletal warriors
  4 salamander mystics (Snake:4)
  2 shadow wraiths
  An iron troll (Depths:1)
  A storm dragon skeleton (Crypt:2)
  A glowing orange brain (Vaults:3)
  2 death drakes (WizLab)
  8 deep trolls
  11 sea snakes
  11 naga ritualists
  4 unseen horrors
  16 ironbrand convokers
  3 flayed ghosts
  4 deep elf archers
  A tengu zombie (Vaults:2)
  A wizard (Vaults:1)
  3 phantasmal warriors
  3 necromancers
  9 orc knights
  A fire giant zombie (Crypt:1)
  6 harpies
  An iron dragon zombie (Crypt:1)
  8 mana vipers
  22 ugly things
  4 wolf spiders
  5 orc sorcerers
  8 deep elf magi
  A frost giant zombie (Crypt:1)
  An oklob plant (D:10)
  A salamander (shapeshifter) (D:14)
  10 fauns
  4 cyclopes
  A stone giant zombie (Vaults:2)
  An iron dragon skeleton (Vaults:4)
  A moth of wrath (D:2)
  19 manticores
  A black mamba (shapeshifter) (Vaults:2)
  A centaur zombie (D:15)
  7 elephants
  33 black mambas
  11 salamanders
  7 guardian serpents
  A shock serpent zombie (Crypt:3)
  9 merfolk sirens
  3 apocalypse crabs (WizLab)
  10 naga magi
  11 water nymphs
  A rust devil (Depths:1)
  A torpor snail (shapeshifter) (Vaults:2)
  8 vault sentinels
  Maurice (D:9)
  A gargoyle (D:10)
  3 rime drakes
  2 yaktaur zombies (Vaults:4)
  5 spiny frogs
  3 centaur skeletons
  A human zombie (Vaults:4)
  A minotaur zombie (Crypt:2)
  An emperor scorpion zombie (Crypt:3)
  2 komodo dragons
  A swamp worm zombie (Crypt:3)
  7 guardian mummies
  A black draconian skeleton (Crypt:2)
  15 yaktaurs
  An anaconda simulacrum (Crypt:1)
  5 freezing wraiths
  A sea snake skeleton (Crypt:1)
  22 merfolk
  4 hornets
  3 polar bears (Lair:6)
  6 trolls
  24 blink frogs
  A raiju (shapeshifter) (Depths:1)
  An alligator zombie (Crypt:1)
  26 slime creatures
  5 wind drakes
  A blink frog (shapeshifter) (Vaults:2)
  15 snapping turtles
  10 hippogriffs
  5 dream sheep
  A bog body (Crypt:2)
  An ice dragon zombie (Crypt:1)
  An ettin zombie (Vaults:2)
  7 air elementals (WizLab)
  2 frost giant simulacra
  11 flying skulls
  Sigmund (D:2)
  3 redbacks (Vaults:3)
  2 shadows
  14 spriggans (Lair:6)
  A wyvern (Lair:2)
  9 wraiths
  29 yaks
  A tarantella (Vaults:3)
  2 basilisks
  14 water elementals
  A yak (shapeshifter) (Vaults:2)
  A hungry ghost (D:12)
  3 hogs (Snake:2)
  50 nagas
  7 vampire mosquitoes
  3 wargs
  11 water moccasins
  4 acid dragons
  An infernal demonspawn skeleton (Crypt:1)
  A water nymph skeleton (Crypt:3)
  9 porcupines
  A monstrous demonspawn skeleton (Crypt:1)
  3 ice beasts
  3 sky beasts
  An eye of draining (D:15)
  5 black bears
  40 orc warriors
  24 ogres
  An ice dragon simulacrum (Crypt:1)
  3 necrophages
  A phantom (D:13)
  A black bear (shapeshifter) (Vaults:4)
  24 wolves
  3 boggarts (Lair:6)
  9 crocodiles
  19 centaurs
  A human skeleton (Vaults:2)
  5 big kobolds
  A salamander zombie (Crypt:1)
  22 bullfrogs
  2 wyvern skeletons
  A cyclops skeleton (Crypt:2)
  A shapeshifter zombie (Crypt:2)
  3 scorpions
  A yak zombie (Crypt:3)
  9 killer bees
  16 wights
  A raiju skeleton (Crypt:3)
  An electric eel (Lair:3)
  4 howler monkeys
  4 crimson imps
  A lava snake (Lair:3)
  A quasit (D:10)
  26 orc priests
  6 hounds
  6 jellies
  2 bullfrog skeletons
  A gnoll shaman (D:7)
  28 orc wizards
  6 iguanas
  Ijyb (D:4)
  6 worker ants
  A felid skeleton (Crypt:2)
  3 hound skeletons (D:3)
  7 mummies (Crypt:3)
  3 worker ant zombies
  A howler monkey zombie (D:8)
  5 gnolls
  12 adders
  9 river rats (Sewer)
  3 shadow imps
  A white imp (Vaults:1)
  An ooze (Sewer)
  3 adder zombies
  4 adder skeletons
  6 worms
  5 leopard geckos
  88 orcs
  7 ball pythons
  7 giant cockroaches
  21 goblins
  7 hobgoblins
  27 jackals
  42 kobolds
  6 quokkas
  A ball python zombie (Crypt:3)
  6 bats
  10 frilled lizards
  A giant cockroach zombie (D:3)
  A goblin skeleton (Crypt:3)
  A hobgoblin zombie (Crypt:2)
  A jackal skeleton (Crypt:3)
  2 leopard gecko zombies (D:3)
  25 rats
  A rat skeleton (Crypt:2)
  2 fungi
  12 plants
  9 tentacles
1554 creatures vanquished.

Vanquished Creatures (collateral kills)
  A merfolk javelineer (Shoals:4)
  A merfolk impaler (Shoals:4)
  An orc knight (Orc:2)
  3 harpies (Shoals:4)
  An orc sorcerer (D:9)
  4 merfolk (Shoals:4)
  An orc warrior (Orc:2)
12 creatures vanquished.

Vanquished Creatures (others)
  Vashnia (Snake:2)
  Aizul (Snake:2)
  An ettin (D:15)
  A merfolk javelineer (Shoals:4)
  2 spriggan air magi (WizLab)
  7 hydras
  A vault guard (Vaults:4)
  2 naga warriors (Snake:2)
  A death knight (D:14)
  2 two-headed ogres
  2 centaur warriors (D:15)
  3 tengu warriors (D:15)
  2 naga sharpshooters (Snake:2)
  2 deep elf knights
  A salamander mystic (Volcano)
  2 unseen horrors (D:10)
  A deep elf archer (D:15)
  An ironbrand convoker (Vaults:1)
  An ugly thing (D:11)
  A deep elf mage (D:15)
  An orc sorcerer (D:15)
  A slime creature (D:13)
  2 oklob plants (Snake:2)
  2 cyclopes
  A salamander (Snake:2)
  A centaur zombie (D:15)
  A guardian serpent (Snake:2)
  A vault sentinel (Vaults:1)
  A naga mage (Snake:2)
  2 spiny frogs (Lair:2)
  5 yaktaurs
  A tengu conjurer (D:15)
  3 merfolk (Lair:3)
  A wyvern (D:15)
  A hog (shapeshifter) (D:15)
  2 humans (Snake:2)
  5 nagas
  An ice beast (D:15)
  An electric eel (Lair:3)
  An orc priest (D:9)
  7 fungi
  16 plants
  10 tentacles
102 creatures vanquished.

Grand Total: 1668 creatures vanquished

Notes
Turn   | Place    | Note
-------+----------+-------------------------------------------
     0 | Abyss:1  | Tartanist the Formicid Abyssal Knight began the quest for
                  | the Orb.
     0 | Abyss:1  | Reached XP level 1. HP: 18/18 MP: 2/2
    68 | D:1      | Escaped the Abyss
   118 | D:1      | Reached XP level 2. HP: 17/24 MP: 3/3
   534 | D:1      | Reached XP level 3. HP: 28/30 MP: 4/4
   964 | D:2      | Reached ** piety under Lugonu
  1283 | D:2      | Noticed a moth of wrath
  1285 | D:2      | Found a bloodstained altar of Trog.
  1385 | D:2      | Reached skill level 3 in Axes
  1619 | D:2      | You fall into a shaft and drop 2 floors!
  1637 | D:4      | Reached XP level 4. HP: 28/37 MP: 5/5
  2427 | D:2      | Reached XP level 5. HP: 43/43 MP: 6/6
  2492 | D:2      | Noticed Sigmund
  2540 | D:2      | Killed Sigmund
  2540 | D:2      | Reached skill level 5 in Axes
  2540 | D:2      | Reached XP level 6. HP: 29/49 MP: 7/7
  3604 | D:3      | Reached skill level 6 in Axes
  3616 | D:3      | Reached *** piety under Lugonu
  3616 | D:3      | Reached XP level 7. HP: 55/55 MP: 8/8
  4246 | D:4      | Reached skill level 5 in Fighting
  4361 | D:4      | Found a glowing golden altar of the Shining One.
  4361 | D:4      | Found a blossoming altar of Fedhas.
  4362 | D:4      | Found a snail-covered altar of Cheibriados.
  4403 | D:4      | Reached skill level 7 in Axes
  4403 | D:4      | Reached skill level 1 in Shields
  4539 | D:4      | Noticed Ijyb
  4557 | D:4      | Killed Ijyb
  4692 | D:5      | Entered Level 5 of the Dungeon
  4795 | D:4      | Reached XP level 8. HP: 51/62 MP: 9/9
  4845 | D:5      | Reached skill level 8 in Axes
  5028 | D:5      | Found a glowing drain.
  5032 | Sewer    | Entered a sewer
  5254 | Sewer    | Reached **** piety under Lugonu
  5804 | D:5      | Found a stormy altar of Qazlal.
  5844 | D:5      | Found an iron altar of Okawaru.
  5929 | D:5      | Found a sparkling altar of Nemelex Xobeh.
  5941 | D:5      | Reached skill level 9 in Axes
  6837 | D:6      | Found a staircase to the Ecumenical Temple.
  6866 | Temple   | Entered the Ecumenical Temple
  7128 | D:6      | Reached XP level 9. HP: 68/68 MP: 10/10
  7409 | D:6      | Reached skill level 10 in Axes
  7767 | D:6      | Reached ***** piety under Lugonu
  8082 | D:5      | Reached skill level 5 in Shields
  8645 | D:7      | Found a shimmering altar of Xom.
  9129 | D:8      | Noticed a two-headed ogre
  9303 | D:8      | Reached XP level 10. HP: 74/74 MP: 11/11
  9351 | D:8      | Found a flagged portal.
  9369 | Bailey   | Entered a bailey
  9950 | D:7      | Reached skill level 5 in Armour
 10546 | D:9      | Noticed a two-headed ogre
 10557 | D:9      | Found Sihy's Book Shop.
 10688 | D:9      | Found a staircase to the Orcish Mines.
 11069 | D:9      | Reached skill level 5 in Invocations
 11118 | D:9      | Banished a two-headed ogre
 11832 | D:8      | Banished a two-headed ogre
 11887 | D:10     | Entered Level 10 of the Dungeon
 11968 | D:10     | Reached XP level 11. HP: 71/79 MP: 15/15
 12026 | D:10     | Noticed an unseen horror
 12063 | D:10     | Banished an unseen horror
 12225 | D:10     | Noticed an unseen horror
 12232 | D:10     | Banished an unseen horror
 12287 | D:10     | Found Buotusaj's Distillery.
 12450 | D:10     | Noticed a two-headed ogre
 12452 | D:10     | Banished a two-headed ogre
 12453 | D:10     | Noticed an oklob plant
 12530 | D:10     | Found a staircase to the Lair.
 12830 | D:11     | Noticed a brown ugly thing
 12837 | D:11     | Banished a brown ugly thing
 12880 | D:11     | You fall into a shaft and drop 3 floors!
 12880 | D:14     | Noticed a red ugly thing
 12880 | D:14     | Noticed a red ugly thing
 12881 | D:14     | Noticed a red ugly thing
 12881 | D:14     | Noticed a red ugly thing
 12881 | D:14     | Noticed a red ugly thing
 13501 | D:12     | Reached skill level 10 in Invocations
 14013 | D:11     | Reached skill level 10 in Armour
 14368 | Lair:1   | Entered Level 1 of the Lair of Beasts
 14411 | D:10     | Reached skill level 1 in Evocations
 14504 | Orc:1    | Entered Level 1 of the Orcish Mines
 14504 | Orc:1    | Noticed an orc high priest
 14504 | Orc:1    | Noticed an orc sorcerer
 14505 | Orc:1    | Noticed Maurice
 14639 | Lair:1   | Reached XP level 12. HP: 13/86 MP: 19/19
 14828 | Lair:1   | Reached skill level 5 in Evocations
 14882 | Lair:1   | Noticed an eight-headed hydra
 15115 | Lair:1   | Noticed a four-headed hydra
 15117 | Lair:1   | Banished a four-headed hydra
 15388 | Lair:1   | Banished an eight-headed hydra
 16612 | Lair:2   | Reached skill level 10 in Evocations
 17389 | Lair:3   | Noticed an eight-headed hydra
 17393 | Lair:3   | Banished an eight-headed hydra
 17809 | Lair:3   | Found a staircase to the Snake Pit.
 18012 | Lair:3   | Reached XP level 13. HP: 36/98 MP: 20/20
 18235 | Lair:3   | Found a staircase to the Shoals.
 19330 | Lair:4   | Found a dark tunnel.
 19338 | Volcano  | Entered a volcano
 19395 | Volcano  | HP: 1/100 [salamander mystic/+0 quarterstaff (10)]
 19398 | Volcano  | Reached skill level 1 in Dodging
 19550 | Volcano  | Found a bloodstained altar of Trog.
 19641 | Volcano  | Reached skill level 5 in Dodging
 22617 | Lair:5   | Noticed a four-headed hydra
 22621 | Lair:5   | Banished a four-headed hydra
 22975 | Lair:5   | Reached XP level 14. HP: 72/108 MP: 21/21
 23039 | Lair:5   | Found a staircase to the Slime Pits.
 23135 | Lair:6   | Entered Level 6 of the Lair of Beasts
 23546 | Lair:6   | Reached skill level 11 in Axes
 24149 | Lair:6   | Reached skill level 12 in Axes
 24230 | Lair:6   | Got an ancient granite ring
 24234 | Lair:6   | Identified the ring "Seegolyvi" {rF+ rC+ SInv} (You found
                  | it on level 6 of the Lair of Beasts)
 24451 | Lair:6   | Found a transporter.
 24453 | Lair:6   | Found a transporter.
 24454 | Lair:6   | Noticed Omiargherph's ghost (journeyman HOFi)
 24802 | Lair:6   | HP: 5/108 [poisoned by a black mamba]
 24807 | Lair:6   | HP: 4/108 [poisoned by a black mamba]
 24812 | Lair:6   | HP: 4/108 [poisoned by a black mamba]
 26112 | D:9      | Killed Maurice
 26191 | D:9      | Reached skill level 13 in Axes
 26779 | Orc:2    | Entered Level 2 of the Orcish Mines
 26788 | Orc:2    | Found Vichoff's Food Emporium.
 26843 | Orc:2    | Found a staircase to the Elven Halls.
 26952 | Orc:2    | Found a roughly hewn altar of Beogh.
 27476 | Orc:2    | Noticed an orc warlord
 27514 | Orc:2    | Killed an orc warlord
 27514 | Orc:2    | Reached skill level 14 in Axes
 27514 | Orc:2    | Reached XP level 15. HP: 49/113 MP: 22/22
 27970 | Orc:2    | Found Ufuphuro's Antique Armour Emporium.
 27971 | Orc:2    | Found Wixuot's Antique Weapon Emporium.
 27972 | Orc:2    | Found Qiqor's General Store.
 27972 | Orc:2    | Found Ymnog's Jewellery Shoppe.
 27976 | Orc:2    | Bought a scroll of identify for 28 gold pieces
 28016 | Orc:2    | Reached ****** piety under Lugonu
 28967 | D:12     | Noticed Urug
 28987 | D:12     | Killed Urug
 28987 | D:12     | Reached skill level 15 in Axes
 29336 | D:13     | Identified the cursed +0 robe of Olayromo {rPois rF++ MR++}
 30448 | D:13     | Reached skill level 16 in Axes
 30516 | D:13     | Reached skill level 1 in Stealth
 30629 | D:14     | Found a shimmering blue altar of Sif Muna.
 30646 | D:14     | Found a gate to the Vaults.
 31123 | D:15     | Entered Level 15 of the Dungeon
 31130 | D:15     | Reached skill level 5 in Stealth
 32374 | D:15     | Reached XP level 16. HP: 120/120 MP: 23/23
 32412 | D:15     | Corrupted D:15
 32554 | D:15     | Found a staircase to the Depths.
 32811 | D:15     | Found a blossoming altar of Fedhas.
 33276 | Orc:2    | Bought a ration for 70 gold pieces
 33276 | Orc:2    | Bought a scroll of remove curse for 42 gold pieces
 33276 | Orc:2    | Bought a potion of agility for 56 gold pieces
 33288 | Orc:2    | Bought a pearl-studded scale mail for 234 gold pieces
 33288 | Orc:2    | Bought a pair of pitted boots for 247 gold pieces
 33299 | Orc:2    | Identified the +1 scale mail "Jaef" {rPois Str+4} (You
                  | bought it in a shop on level 2 of the Orcish Mines)
 33314 | Orc:2    | Identified the +0 pair of boots "Meyrada" {rF+} (You bought
                  | it in a shop on level 2 of the Orcish Mines)
 33315 | Orc:2    | Bought a brightly glowing buckler for 247 gold pieces
 33326 | Orc:2    | Identified the +2 buckler "Kaniutz" {*Contam MR++ Regen+
                  | Stlth+} (You bought it in a shop on level 2 of the Orcish
                  | Mines)
 33327 | Orc:2    | Bought a pitted ring mail for 234 gold pieces
 33338 | Orc:2    | Identified the +4 ring mail of Agnosticism {rElec rPois
                  | Dex+4} (You bought it in a shop on level 2 of the Orcish
                  | Mines)
 33875 | Snake:1  | Entered Level 1 of the Snake Pit
 34403 | Snake:1  | Reached skill level 10 in Stealth
 35089 | Snake:2  | Noticed Aizul
 35102 | Snake:2  | Noticed Vashnia
 35281 | Snake:2  | Noticed Kirke
 35302 | Snake:2  | Killed Kirke
 36131 | Snake:2  | Noticed Louise
 36172 | Snake:2  | Corrupted Snake:2
 36172 | Snake:2  | Noticed a bone dragon
 36188 | Snake:2  | Killed Aizul
 36218 | Snake:2  | Killed Vashnia
 36218 | Snake:2  | Reached skill level 10 in Shields
 36258 | Snake:2  | Noticed a hellephant
 36455 | Snake:2  | Killed Louise
 36682 | Snake:2  | Got a brightly glowing scale mail
 36805 | Snake:3  | Found Abeuno Zura's Magic Scroll Shoppe.
 36813 | Snake:3  | Bought a scroll of identify for 26 gold pieces
 36813 | Snake:3  | Bought a scroll of identify for 26 gold pieces
 36813 | Snake:3  | Bought a scroll of identify for 26 gold pieces
 36813 | Snake:3  | Bought a scroll of identify for 26 gold pieces
 36813 | Snake:3  | Bought a scroll of identify for 26 gold pieces
 36813 | Snake:3  | Identified the +1 scale mail of Entitlement {-Tele rC+
                  | Dex+3} (You found it on level 2 of the Snake Pit)
 36816 | Snake:3  | Identified a scroll of acquirement
 36820 | Snake:3  | Bought a scroll of remove curse for 39 gold pieces
 36820 | Snake:3  | Bought a scroll of enchant weapon for 97 gold pieces
 36820 | Snake:3  | Bought a scroll of remove curse for 39 gold pieces
 37303 | Snake:3  | Noticed a nagaraja
 37337 | Snake:3  | Killed a nagaraja
 38445 | Snake:4  | Entered Level 4 of the Snake Pit
 38803 | Snake:4  | Reached XP level 17. HP: 110/125 MP: 24/24
 39790 | Snake:4  | Found Polewu's Book Shop.
 39907 | Snake:4  | Reached skill level 15 in Shields
 40690 | Snake:4  | Reached skill level 10 in Fighting
 41405 | Snake:4  | Reached XP level 18. HP: 62/139 MP: 26/26
 41680 | Snake:4  | Got a serpentine rune of Zot
 41871 | Snake:4  | Found an ornate altar of the Wu Jian Council.
 42018 | Snake:4  | Found a hide-covered altar of Uskayaw.
 42270 | Shoals:1 | Entered Level 1 of the Shoals
 42888 | Shoals:1 | Found Qiziy's Gadget Boutique.
 43680 | Shoals:2 | Noticed a kraken
 43694 | Shoals:2 | Killed a kraken
 44570 | Shoals:2 | Noticed a kraken
 44587 | Shoals:2 | Killed a kraken
 46016 | Shoals:3 | Reached skill level 15 in Invocations
 47184 | Shoals:4 | Entered Level 4 of the Shoals
 47338 | Shoals:4 | Noticed a kraken
 47387 | Shoals:4 | Reached skill level 17 in Axes
 47457 | Shoals:3 | Reached XP level 19. HP: 53/149 MP: 30/30
 47839 | Shoals:4 | Reached XP level 20. HP: 60/156 MP: 31/31
 47988 | Shoals:4 | Got a barnacled rune of Zot
 49284 | Shoals:4 | Reached skill level 18 in Axes
 50182 | Vaults:1 | Entered Level 1 of the Vaults
 50452 | D:14     | Noticed a Hell Sentinel
 50785 | Vaults:1 | Reached skill level 19 in Axes
 51942 | Vaults:1 | Found Kopoasunt's Weapon Boutique.
 52367 | Vaults:2 | Reached XP level 21. HP: 135/162 MP: 32/32
 52487 | Vaults:2 | Reached skill level 20 in Axes
 52727 | Vaults:2 | Got a twisted ring mail
 52728 | Vaults:2 | Identified the +0 ring mail of Temperance {Str+7 Dex+3}
                  | (You found it on level 2 of the Vaults)
 52774 | Vaults:2 | Found Qayquovu's Magic Scroll Emporium.
 52785 | Vaults:2 | Bought a scroll of identify for 26 gold pieces
 52785 | Vaults:2 | Bought a scroll of identify for 26 gold pieces
 52785 | Vaults:2 | Bought a scroll of identify for 26 gold pieces
 52785 | Vaults:2 | Bought a scroll of enchant weapon for 97 gold pieces
 52785 | Vaults:2 | Bought a scroll of immolation for 45 gold pieces
 52785 | Vaults:2 | Bought a scroll of magic mapping for 45 gold pieces
 52785 | Vaults:2 | Bought a scroll of identify for 26 gold pieces
 53057 | Vaults:2 | Reached skill level 10 in Dodging
 53368 | Vaults:3 | Identified the +6 scale mail of Wu Jian's Castigation {rN++
                  | Dex-3 Stlth+} (You found it on level 3 of the Vaults)
 53930 | Vaults:3 | Found a staircase to the Crypt.
 53930 | Vaults:3 | Found an ancient bone altar of Kikubaaqudgha.
 53931 | Vaults:3 | Found a basalt altar of Yredelemnul.
 55025 | Vaults:4 | Found a portal to a secret trove of treasure.
 55844 | Vaults:4 | Identified the +2 ice dragon scales "Sidoty" {+Inv rF-
                  | rC++} (You found it on level 4 of the Vaults)
 56148 | Vaults:4 | Reached XP level 22. HP: 135/169 MP: 33/33
 58133 | D:10     | Bought a potion of mutation for 88 gold pieces
 58133 | D:10     | Bought a potion of flight for 33 gold pieces
 58133 | D:10     | Bought a potion of curing for 33 gold pieces
 58133 | D:10     | Bought 2 potions of curing for 66 gold pieces
 58133 | D:10     | Bought a potion of flight for 33 gold pieces
 58133 | D:10     | Bought a potion of agility for 44 gold pieces
 58133 | D:10     | Bought a potion of resistance for 110 gold pieces
 58279 | Orc:2    | Bought the +7 battleaxe "Suec" {holy, rF+ MR- Str+6} for
                  | 967 gold pieces
 58698 | Crypt:1  | Entered Level 1 of the Crypt
 59698 | Crypt:1  | Reached skill level 15 in Armour
 60010 | Crypt:2  | Reached skill level 1 in Throwing
 60051 | Crypt:2  | Noticed Mennas
 60060 | Crypt:2  | HP: 4/169 [ancient champion/+3 battleaxe of chopping (7)]
 60616 | Crypt:2  | Reached skill level 5 in Throwing
 60742 | Crypt:3  | Entered Level 3 of the Crypt
 61275 | Crypt:3  | Reached XP level 23. HP: 157/175 MP: 34/34
 61524 | Crypt:3  | Reached skill level 10 in Throwing
 61732 | Crypt:3  | Noticed a curse toe
 61735 | Crypt:3  | Noticed a curse toe
 61746 | Crypt:3  | Killed a curse toe
 61754 | Crypt:3  | Killed a curse toe
 62135 | Crypt:3  | Found the +12 Vampire's Tooth {vamp}
 62586 | Crypt:3  | Found a staircase to the Tomb.
 62736 | Crypt:3  | Cast into level 3 of the Abyss (a lich)
 62737 | Crypt:3  | Escaped the Abyss
 62739 | Crypt:3  | Reached skill level 15 in Fighting
 62913 | Crypt:2  | You fall into a shaft and drop 1 floor!
 63174 | Crypt:2  | Killed Mennas
 63866 | Depths:1 | Entered Level 1 of the Depths
 64041 | Depths:1 | Found a gateway to Hell.
 64215 | Depths:1 | Found a magical portal.
 64941 | WizLab   | Reached XP level 24. HP: 68/194 MP: 34/34
 65193 | WizLab   | HP: 2/195 [Xisif the Cloud Mage/tornado (16)]
 65194 | WizLab   | Killed from afar by Xisif the Cloud Mage

Levels and vault maps discovered:
D:1:      lightli_arrival_noodles, layout_loops_cross, supply_closet_lemuel
D:2:      layout_loops_corners, tgw_trog, uniq_sigmund
D:3:      layout_loops_ring, serial_undead, serial_undead_a, serial_undead_d,
          serial_undead_c, serial_undead_d, first_ration
D:4:      kennysheep_big_flooded_room, layout_basic,
          gammafunk_temple_overflow_claw, grunt_decor_mini_mirrors,
          kennysheep_cluttered_room, uniq_ijyb
D:5:      layout_cave_pools, okawaru_metal_pillars_1_2,
          nicolae_qazlal_eye_of_the_storm, nemelex_xobeh_ov_fountains_minmay,
          gup_sewer_entry_bowl
D:6:      layout_cave_pods, minmay_temple_entry_stoned_glass,
          corexii_checkpoint_a, minmay_ogre_servants
D:7:      layout_cave_pools, serial_co_window_serial,
          co_window_of_opportunity_a, co_window_paths_a,
          co_window_of_opportunity_a, co_window_paths_b, co_window_paths_b,
          co_window_paths_c, co_window_broadway_a, co_window_paths_c,
          co_window_2corner, glass_columns_a, glass_columns_c, basic_altar
D:8:      layout_basic, enter_bailey_3
D:9:      layout_long_grid, orc_0_dummy, serial_shops, shop
D:10:     layout_rooms, dpeg_oklobed_lair, serial_shops, shop
D:11:     layout_gridville
D:12:     layout_irregular_city, hangedman_ranch [blue_anna_fruit_fields],
          chequers_serial_rivers_large_a, uniq_urug
D:13:     layout_stronghold, st_stairs_8
D:14:     layout_cross, erik_vaults_1, basic_altar
D:15:     hangedman_depths_entry_civil_slaughter, layout_loops_cross,
          serial_park_paths [serial_park_minivault_5x5_5], fedhas_altar_3
Temple:   nicolae_temple_elliptical
Lair:1:   layout_hall_layers, hangedman_lair_generics_rect
Lair:2:   layout_chaotic_city, minmay_lair_oklob_chamber
Lair:3:   layout_gridlike, elwin_shoals_entry_stream,
          minmay_snake_entry_guardpost_small, serial_bayou_shore_a
Lair:4:   layout_cave_pods, enter_volcano_1
Lair:5:   layout_cave_pods, slime_dummy
Lair:6:   minmay_lair_end_enchanted_forest, layout_hall_layers,
          gammafunk_ghost_hive
Shoals:1: layout_shoals, serial_shops, nicolae_shop_crystal
Shoals:2: layout_shoals, nicolae_shoals_water_shrine
Shoals:3: layout_shoals
Shoals:4: shoals_end_hangedman, layout_shoals
Snake:1:  layout_basic, special_room
Snake:2:  dpeg_oklob_gauntlet, layout_rooms, uniq_aizul, uniq_kirke,
          uniq_louise, uniq_vashnia
Snake:3:  layout_chambers, serial_shops, shop
Snake:4:  johnstein_snake_rune_scales, layout_basic, serial_shops, shop,
          hangedman_feature_mirror
Orc:1:    layout_caves, nicolae_orc_rockfall, uniq_maurice
Orc:2:    st_orc_congregation, layout_caves, serial_shops,
          nicolae_shop_temple_entry_statues_fountains, mines2_david
Vaults:1: hangedman_vaults_stream, nicolae_vaults_what_the_h,
          vaults_room_octagon, grunt_vaults_swirl, hangedman_vaults_unwind,
          hangedman_vaults_variations, vaults_mumra_hexcomb,
          ontoclasm_vaults_pinch, vaults_dpeg_doors, serial_ice_h,
          nicolae_vaults_display_case, v_misc_13, layout_vaults_omnibox,
          serial_shops, nicolae_shop_window_shopping
Vaults:2: vaults_room_door_ring, hangedman_vaults_slice, v_alt_pattern_6,
          nicolae_vaults_angled_halls, grunt_vaults_hallway_short,
          hangedman_vaults_stretched_pinwheel, grunt_vaults_hallway_short,
          layout_vaults_big_room, serial_shops, nicolae_shop_window_shopping
Vaults:3: ontoclasm_vaults_ring_square, minmay_crypt_entry_necro_gods,
          nicolae_vaults_diagonal_hallway_7, vaults_room_pools, st_cells,
          layout_vaults_omnigrid
Vaults:4: nicolae_vaults_arrows, v_misc_24, nicolae_vaults_disjoint_gnomons,
          v_pattern_1, nicolae_vaults_bisected_inception,
          nicolae_vaults_quartermaster, vaults_dpeg_cross,
          hangedman_vaults_corner_blocks, nicolae_vaults_network_quinsquares
          [nicolae_vaults_network_quincunx_subvault,
          nicolae_vaults_network_quincunx_subvault,
          nicolae_vaults_network_quincunx_subvault,
          nicolae_vaults_network_quincunx_subvault], grunt_vaults_bifocal,
          vaults_room_fours, vaults_mumra_lcd, v_misc_17,
          ontoclasm_vaults_claustrophobia, vaults_room_semicircle,
          layout_vaults_maze_bifur, nicolae_trove_entry_path_of_doom
Crypt:1:  layout_gridlike, grunt_crypt_arrival_webbed,
          roderic_lattice_octagonal_star
Crypt:2:  layout_rooms, serial_sigils_hangedman_clutch, uniq_mennas
Crypt:3:  david_glass_crypt, layout_misc_corridors,
          nicolae_tomb_entry_grand_gallery, st_stairs_1,
          minmay_guarded_unrand_vampires_tooth
Depths:1: layout_basic, grunt_hell_entry_dis_mu, infiniplex_enter_wizlab_spiral,
          minmay_misc_feat_four_crosses, lemuel_old_faithful,
          infiniplex_staircase_pool_lava
WizLab:   wizlab_cloud

Skill      XL: |  1  2  3  4  5  6  7  8  9 10 11 12 13 14 15 16 17 18 19 20 21 22 23 |
---------------+----------------------------------------------------------------------+-----
Fighting       | 4 5 8 9 11 13 17 | 17.1
Axes           | 3 5 6 7 9 10 14 16 17 19 20 | 20.0
Shields        | 1 3 8 9 13 15 | 15.0
Armour         | 4 8 10 12 15 | 15.0
Invocations    | 6 10 11 15 | 15.0
Evocations     | 4 10 | 10.0
Dodging        | 9 12 | 12.0
Stealth        | 8 11 | 11.1
Throwing       | 8 10 | 10.0

Action                   |  1- 3 |  4- 6 |  7- 9 | 10-12 | 13-15 | 16-18 | 19-21 | 22-24 || total
-------------------------+-------+-------+-------+-------+-------+-------+-------+-------++-------
Melee: Hand axe          |   121 |   184 |   844 |    68 |       |       |       |       ||  1217
       War axe           |       |       |       |  1112 |  2490 |   307 |     1 |       ||  3910
       Unarmed           |       |       |       |       |     7 |       |       |       ||     7
       Battleaxe         |       |       |       |       |       |  1551 |  1228 |  1024 ||  3803
Throw: Dart              |       |    10 |    51 |    68 |    66 |    12 |       |       ||   207
       Throwing net      |       |       |     1 |     1 |     4 |       |     4 |     2 ||    12
Invok: Bend Space        |       |       |     8 |    12 |    14 |     5 |     4 |     6 ||    49
       Banish            |       |       |       |    24 |    15 |     2 |     3 |       ||    44
       Corrupt           |       |       |       |       |       |     2 |       |       ||     2
       Depart the Abyss  |       |       |       |       |       |       |       |     1 ||     1
 Abil: Dig               |     1 |       |     2 |     5 |     8 |     2 |     1 |     4 ||    23
       Shaft Self        |       |       |       |       |       |       |       |     1 ||     1
Evoke: Wand              |       |       |     1 |     5 |    12 |     4 |     8 |     4 ||    34
       Phial of floods   |       |       |       |       |     2 |     2 |     1 |       ||     5
       Phantom mirror    |       |       |       |       |     1 |       |       |       ||     1
       Lightning rod     |       |       |       |       |       |     1 |     1 |       ||     2
  Use: Scroll            |       |     5 |    11 |     7 |     8 |     9 |     7 |     6 ||    53
       Potion            |       |       |       |    12 |    10 |    10 |     4 |    14 ||    50
 Stab: Held in net/web   |       |       |     2 |       |     2 |       |       |       ||     4
       Distracted        |       |       |       |       |     1 |     1 |     3 |     3 ||     8
       Sleeping          |       |       |       |       |       |    13 |    19 |     8 ||    40
       Paralysed         |       |       |       |       |       |     1 |       |     3 ||     4
       Invisible         |       |       |       |       |       |       |     6 |       ||     6
  Eat: Chunk             |     2 |     7 |    16 |    29 |    42 |    21 |    27 |    12 ||   156
       Ration            |       |       |     1 |     2 |     5 |    10 |     1 |     6 ||    25
Armor: Leather armour    |    24 |       |       |       |       |       |       |       ||    24
       Ring mail         |    22 |    22 |   148 |    60 |       |   298 |   184 |     9 ||   743
       Scale mail        |       |    49 |   127 |   306 |    13 |       |       |   148 ||   643
       Chain mail        |       |       |       |       |   605 |       |       |       ||   605
       Plate armour      |       |       |       |       |   336 |    29 |       |    91 ||   456
Dodge: Dodged            |    74 |    88 |   322 |   405 |   853 |   638 |   383 |   261 ||  3024
Block: Shield            |       |       |   139 |   700 |  1358 |   485 |       |   316 ||  2998
       Large shield      |       |       |       |       |       |   883 |  1028 |   269 ||  2180
